 Dungeon Crawl Stone Soup version 0.28-a0-1130-gc51a68064b (webtiles) character file.

Game seed: 9633190208578138079

68 ragingrage the Charlatan (level 4, -4/28 HPs)
             Began as a Gargoyle Artificer on Dec 12, 2021.
             Slain by an orc wizard (5 damage)
             ... on level 2 of the Dungeon.
             The game lasted 00:01:28 (1524 turns).

ragingrage the Charlatan (Gargoyle Artificer)       Turns: 1524, Time: 00:01:29

Health: -4/28      AC:  7    Str: 15    XL:     4   Next: 19%
Magic:  13/13      EV: 11    Int: 12    God:
Gold:   42         SH:  0    Dex: 12    Spells: 3/3 levels left

rFire   . . .      SeeInvis .   a - +1 short sword (freeze)
rCold   . . .      Faith    .   (no shield)
rNeg    + . .      Spirit   .   b - +0 leather armour
rPois   ∞          Reflect  .   (no helmet)
rElec   +          Harm     .   i - +0 cloak
rCorr   .          Rampage  .   (no gloves)
Will    .....                   (no boots)
Stlth   +.........              (no amulet)
HPRegen 0.09/turn               j - ring of magical power
MPRegen 0.13/turn               (no ring)

@: mighty
A: sickness immunity, AC +3, negative energy resistance 1, electricity
resistance, torment resistance 1, petrification resistance
a: no special abilities


You were on level 2 of the Dungeon.
You visited 1 branch of the dungeon, and saw 3 of its levels.

You collected 42 gold pieces.

Inventory:

Hand Weapons
 a - a +1 short sword of freezing (weapon)
Missiles
 h - a curare-tipped dart (quivered)
Armour
 b - a +0 leather armour (worn)
 i - a +0 cloak (worn)
Jewellery
 j - a ring of magical power (left hand)
Wands
 c - a wand of flame (14)
 d - a wand of charming (14)
Scrolls
 g - 3 scrolls of identify {unknown}
 l - a scroll of amnesia {unknown}
 n - a scroll of blinking {unknown}
Potions
 k - a potion of flight
Miscellaneous
 e - a piece from Xom's chessboard (15/15)


   Skills:
 + Level 3.1 Fighting
 - Level 2.1 Armour
 - Level 0.7 Dodging
 - Level 1.1 Stealth
 + Level 3.6 Evocations


You had 3 spell levels left.
You didn't know any spells.
Your spell library was empty.

Dungeon Overview and Level Annotations

Branches:
Dungeon (3/15)

Altars:


Innate Abilities, Weirdness & Mutations

You are immune to sickness and miasma.
Your stone body is resilient. (AC +3)
You are immune to poison.
You resist negative energy. (rN+)
You are resistant to electric shocks. (rElec)
You are resistant to unholy torment.
You are immune to petrification.


Message History

The orc hits you but does no damage.
The orc wizard points at you and mumbles some strange words.
You are confused.
You are too confused!
You miss the orc. You miss the orc wizard. You hit the orc wizard.
You freeze the orc wizard.
The orc wizard is lightly wounded.
The orc wizard hits you with a +3 dagger.
* * * LOW HITPOINT WARNING * * *
It was a potion of flight.
You feel very buoyant.
You fly up into the air.
The orc wizard hits you but does no damage.
Unknown command.
It was a potion of cancellation.
Your magical effects are unravelling.
You feel magically purged.
You float gracefully downwards.
You feel less confused. The orc wizard barely misses you.
Unknown command.
It was a potion of might.
You feel very mighty all of a sudden.
The orc wizard casts a spell.
The orc wizard flickers and vanishes!
Deactivating autopickup; reactivate with Ctrl-A.
Unknown command.
Unknown command.
Unknown command.
Unknown command.
Unknown command.
Unknown command.
Unknown command.
Unknown command.
Unknown command.
Aiming: Charm
Press: ? - help, Shift-Dir - straight line, f - orc
Aim: an orc, wielding a +0 whip (chance to affect: 73%) Nothing appears to happen.
Something hits you.
You die...

####.. ..##.# #.##.#
#o##.# #o##.# #)##.#
#######.##o######### ....
.........>o{@......# .....
#######.#.o###.....##.....
#.#..# #......##..#
#.#..###....#.##..#
#.................#####
###....................
#.#####..........### #.#
.....#.........#
#.##.#......#......#.


You could see 3 orcs.

Vanquished Creatures
  An orc priest (D:2)
  A dart slug (D:1)
  An orc (D:2)
  2 bats (D:1)
  6 endoplasms (D:1)
  2 giant cockroaches (D:1)
  2 goblins (D:1)
  2 hobgoblins (D:1)
  2 quokkas (D:1)
  2 ball pythons (D:1)
  A frilled lizard (D:1)
  8 kobolds
  3 rats (D:1)
33 creatures vanquished.

Notes
Turn   | Place    | Note
-------+----------+-------------------------------------------
     0 | D:1      | ragingrage the Gargoyle Artificer began the quest for the
                  | Orb.
     0 | D:1      | Reached XP level 1. HP: 12/12 MP: 1/1
   481 | D:1      | Reached XP level 2. HP: 17/17 MP: 2/2
   909 | D:1      | Reached XP level 3. HP: 21/21 MP: 3/3
  1418 | D:1      | Found a faded altar of an unknown god.
  1508 | D:2      | Reached XP level 4. HP: 6/28 MP: 4/4
  1520 | D:2      | HP: 1/28 [orc wizard (5)]
  1524 | D:2      | Slain by an orc wizard

Illustrated notes

Levels and vault maps discovered:
D:1:      matt_arrival_grand_opening, layout_loops_cross,
          shapermc_ecumenical_altar_mp_vishouse, minmay_misc_feat_doors,
          minmay_heptomino_o4
D:2:      layout_basic
D:3:      layout_basic, grunt_temple_overflow_opulence,
          gammafunk_ghost_mausoleum, gup_sewer_entry_spiral,
          kennysheep_decorative_pillar

Skill      XL: |  1  2  3 |
---------------+----------+-----
Evocations     | 3 |  3.6
Fighting       | 2 3 |  3.1
Armour         | |  2.1
Dodging        | |  0.7
Stealth        | |  1.1

Action                   |  1- 3 |  4- 6 || total
-------------------------+-------+-------++-------
Melee: Club              |    40 |       ||    40
       Short sword       |    58 |     3 ||    61
Throw: Dart              |     1 |       ||     1
Evoke: Wand              |     1 |     1 ||     2
  Use: Potion            |       |     3 ||     3
 Stab: Sleeping          |     1 |       ||     1
Armor: Leather armour    |    48 |     3 ||    51
Dodge: Dodged            |    62 |     1 ||    63

Table legend: (Time is in decaauts)
 A = Elapsed time spent in this place.
 B = Non-inter-level travel time spent in this place.
 C = Inter-level travel time spent in this place.
 D = Time resting spent in this place.
 E = Time spent auto-exploring this place.
 F = Levels seen in this place.
 G = Mean time per level.
                   A        B        C        D        E       F      G
               +--------+--------+--------+--------+--------+-----+--------+
         Total |   1541 |   1482 |     59 |    152 |   1052 |   3 |  513.7 |
       Dungeon |   1541 |   1482 |     59 |    152 |   1052 |   3 |  513.7 |
               +--------+--------+--------+--------+--------+-----+--------+

Top non-repeatable levels by time:
     D:1: 1481 daAuts
     D:2: 57 daAuts
     D:3: 1 daAuts
